 Dungeon Crawl Stone Soup version 0.30-a0-341-g682706514a (webtiles) character file.

Game seed: 2657925466912885413

19662 retardedninja the Cleaver (level 12, -3/113 HPs)
             Began as a Hill Orc Fighter on Nov 2, 2022.
             Was an Initiate of Gozag.
             Slain by a 16-headed hydra (8 damage)
             ... on level 1 of the Lair of Beasts.
             The game lasted 00:24:56 (15650 turns).

retardedninja the Cleaver (Hill Orc Fighter)       Turns: 15650, Time: 00:24:57

Health: -3/113     AC: 18    Str: 24    XL:     12   Next: 71%
Magic:  12/12      EV:  7    Int:  8    God:    Gozag
Gold:   749        SH:  7    Dex: 16    Spells: 11/11 levels left

rFire   + . .      SeeInvis .    a - +3 war axe
rCold   + . .      Faith    .    c - +0 buckler
rNeg    . . .      Spirit   .    i - +0 plate armour
rPois   +          Reflect  .    (no helmet)
rElec   +          Harm     .    m - +2 cloak
rCorr   +          Rampage  .    (no gloves)
Will    .....                    (no boots)
Stlth   ..........               (no amulet)
HPRegen 0.38/turn                e - +6 ring of dexterity
MPRegen 0.13/turn                (no ring)

@: mighty, resistant, gold aura, hasted, invisible, very quick
A: mutation resistance 1
a: Renounce Religion, Potion Petition, Call Merchant, Bribe Branch


You were on level 1 of the Lair of Beasts.
You worshipped Gozag.
Gozag was pleased with you.
You visited 3 branches of the dungeon, and saw 12 of its levels.

You collected 2715 gold pieces.
You paid 1966 gold pieces to Gozag.

Inventory:

Hand Weapons
 a - a +3 war axe (weapon)
Missiles
 w - 2 javelins
Armour
 c - a +0 buckler (worn)
 i - a +0 plate armour (worn)
 m - a +2 cloak (worn)
Jewellery
 e - a +6 ring of dexterity (left hand)
Wands
 j - a wand of charming (1)
 k - a wand of roots (14)
Scrolls
 d - 4 scrolls of identify
 f - a scroll of fog
 g - 2 scrolls of blinking
 h - 2 scrolls of teleportation
 l - 2 scrolls of magic mapping
Potions
 b - a potion of might
 o - a potion of brilliance
 s - a potion of flight


   Skills:
 + Level 12.8 Fighting
 + Level 14.6 Axes
 + Level 11.7 Armour
 + Level 11.8 Shields


You had 11 spell levels left.
You didn't know any spells.
Your spell library contained the following spells:

 Spells                   Type           Power      Damage    Failure   Level
 Summon Small Mammal      Summ           0%         N/A       99%         1
 Blink                    Tloc           0%         N/A       100%        2
 Cigotuvi's Dreadful Rot  Necr/Pois/Air  0%         N/A       100%        2
 Momentum Strike          Conj/Tloc      0%         3d8       100%        2
 Call Canine Familiar     Summ           0%         N/A       100%        3
 Gell's Gravitas          Tloc           0%         N/A       100%        3
 Ignite Poison            Fire/Tmut/Pois 0%         N/A       100%        3
 Kindle Blastsparks       Fire/Tloc/Air  0%         2d10      100%        3
 Lesser Beckoning         Tloc           0%         N/A       100%        3
 Summon Guardian Golem    Hex/Summ       0%         N/A       100%        3
 Teleport Other           Tloc           0%         N/A       100%        3
 Cause Fear               Hex            0%         N/A       100%        4
 Dispel Undead            Necr           0%         3d6       100%        4
 Borgnjor's Vile Clutch   Necr/Erth      0%         N/A       100%        5
 Freezing Cloud           Conj/Ice/Air   0%         6-21      100%        5
 Death Channel            Necr           0%         N/A       100%        6
 Dispersal                Tloc           0%         N/A       100%        6
 Dragon Form              Tmut           0%         N/A       100%        7
 Dragon's Call            Summ           0%         N/A       100%        9
 Animate Dead             Necr           Unusable   N/A       N/A         4

Dungeon Overview and Level Annotations

Branches:
Dungeon (10/15)            Temple (1/1) D:4            Lair (1/5) D:10
    Orc (0/2) D:10

Altars:
Ashenzari
Gozag
Nemelex Xobeh
Qazlal
Sif Muna
Xom
The Shining One

Annotations:
D:8 2 transporters, eyols's ghost, novice DEAE


Innate Abilities, Weirdness & Mutations

You are somewhat resistant to further mutation.


Message History

The 12-headed hydra grows two more!
You slice the 14-headed hydra!!
The 14-headed hydra is moderately wounded.
You closely miss the blink frog. You block the blink frog's attack.
The 14-headed hydra bites you.
The 14-headed hydra bites you but does no damage.
You block the 14-headed hydra's attack. The 14-headed hydra bites you. x2
The 14-headed hydra barely misses you.
The 14-headed hydra bites you but does no damage. x2
The 14-headed hydra barely misses you. x2; The 14-headed hydra bites you.
The 14-headed hydra barely misses you. The 14-headed hydra bites you!
* * * LOW HITPOINT WARNING * * *
The 14-headed hydra barely misses you.
Unknown command.
You slice one of the 14-headed hydra's heads off!
The 13-headed hydra grows two more!
You slash the 15-headed hydra!
The 15-headed hydra is moderately wounded.
You slash the blink frog!
The blink frog hits you but does no damage.
Unknown command.
Okay, then.
You slice one of the 15-headed hydra's heads off!
The 14-headed hydra grows two more!
You slice the 16-headed hydra!!
The 16-headed hydra is heavily wounded.
You slice the blink frog!!
You kill the blink frog!
You block the 16-headed hydra's attack. The 16-headed hydra bites you!
* * * LOW HITPOINT WARNING * * *
The 16-headed hydra bites you.
* * * LOW HITPOINT WARNING * * *
You block the 16-headed hydra's attack.
The 16-headed hydra bites you but does no damage.
The 16-headed hydra bites you!
* * * LOW HITPOINT WARNING * * *
You block the 16-headed hydra's attack.
The 16-headed hydra bites you but does no damage.
The 16-headed hydra closely misses you. The 16-headed hydra bites you.
* * * LOW HITPOINT WARNING * * *
The 16-headed hydra bites you!
You die...
Your body crumbles into a pile of gold.

#..P#P.##
#.......#.
.......... ..#
#.......# ..# #
#.......+....#
#.#............#
#.#.D.....#....#
#...@######....#
###.$.##..$....##
#..:............
#...$...........
###....#.........
#.#...#..........
#...####..##.....
##...# #.## ....#
#...## #.# ....#


You could see a 16-headed hydra (unable to see you).

Vanquished Creatures
  3 two-headed ogres
  Sonja (D:10)
  Amaemon (D:8)
  An orc knight (D:10)
  The ghost of pokeman the Thaumaturge, a novice DEHW (D:6)
  A komodo dragon (Lair:1)
  A hornet (D:10)
  3 blink frogs (Lair:1)
  2 shadows
  Sigmund (D:4)
  2 wyverns
  30 yaks
  A steam dragon (D:9)
  Menkaure (D:7)
  Edmund (D:6)
  2 water moccasins (D:8)
  6 orc warriors
  2 black bears (D:6)
  2 ice beasts
  3 ogres
  A phantom (D:5)
  3 centaurs
  2 kobold brigands (D:7)
  2 bullfrogs
  A necrophage (D:5)
  A gnoll sergeant (D:5)
  13 wights
  9 killer bees
  An electric eel (D:8)
  3 howler monkeys
  3 jellies
  3 hounds
  5 orc priests
  Crazy Yiuf (D:7)
  An iguana (D:5)
  9 orc wizards
  3 gnolls (D:5)
  4 adders
  A shadow imp (D:5)
  An ufetubus (D:5)
  A worm (D:2)
  5 dart slugs
  62 orcs
  5 ball pythons
  4 bats
  9 endoplasms
  6 giant cockroaches
  7 goblins
  13 hobgoblins
  8 jackals
  3 quokkas
  A frilled lizard (D:1)
  15 kobolds
  5 rats
276 creatures vanquished.

Vanquished Creatures (collateral kills)
  A death yak (D:8)
  An orange demon (D:8)
  5 yaks
7 creatures vanquished.

Vanquished Creatures (others)
  An orc (D:10)
  3 fungi (Lair:1)
  A plant (Lair:1)
5 creatures vanquished.

Grand Total: 288 creatures vanquished

Notes
Turn   | Place    | Note
-------+----------+-------------------------------------------
     0 | D:1      | retardedninja the Hill Orc Fighter began the quest for the
                  | Orb.
     0 | D:1      | Reached XP level 1. HP: 19/19 MP: 1/1
    41 | D:1      | Reached skill level 3 in Axes
    41 | D:1      | Reached XP level 2. HP: 12/27 MP: 2/2
   558 | D:1      | Reached XP level 3. HP: 27/33 MP: 3/3
  1382 | D:2      | Reached XP level 4. HP: 40/40 MP: 4/4
  2188 | D:3      | Reached skill level 4 in Axes
  2200 | D:3      | Reached XP level 5. HP: 36/47 MP: 5/5
  2778 | D:4      | Noticed Sigmund
  3166 | D:4      | Noticed an ogre
  3168 | D:4      | Killed Sigmund
  3169 | D:4      | Reached skill level 5 in Fighting
  3169 | D:4      | Reached XP level 6. HP: 43/56 MP: 6/6
  3671 | D:4      | Reached skill level 5 in Axes
  3671 | D:4      | Reached skill level 5 in Armour
  3671 | D:4      | Reached skill level 5 in Shields
  3674 | D:4      | Reached XP level 7. HP: 27/61 MP: 7/7
  4249 | D:4      | Found a staircase to the Ecumenical Temple.
  4288 | Temple   | Entered the Ecumenical Temple
  4381 | Temple   | Became a worshipper of Gozag Ym Sagoz the Greedy
  4680 | D:5      | Entered Level 5 of the Dungeon
  5183 | D:5      | Reached skill level 6 in Axes
  6154 | D:6      | Reached XP level 8. HP: 57/71 MP: 8/8
  6654 | D:6      | Found a runed translucent gate.
  6654 | D:6      | Found a runed translucent gate.
  6655 | D:6      | Found a runed translucent gate.
  6658 | D:6      | Noticed pokeman's ghost (novice DEHW)
  6678 | D:6      | Reached skill level 7 in Axes
  6928 | D:6      | Noticed Edmund
  6946 | D:6      | Killed Edmund
  6947 | D:6      | Reached XP level 9. HP: 67/79 MP: 9/9
  7247 | D:6      | Killed pokeman's ghost
  7248 | D:6      | Reached skill level 8 in Axes
  7794 | D:7      | Noticed Menkaure
  7808 | D:7      | Killed Menkaure
  8354 | D:7      | Reached skill level 9 in Axes
  8556 | D:7      | Found a runed translucent door.
  8557 | D:7      | Noticed Crazy Yiuf
  8630 | D:7      | Found a shimmering altar of Xom.
  8631 | D:7      | Found a sparkling altar of Nemelex Xobeh.
  9096 | D:7      | Killed Crazy Yiuf
  9283 | D:8      | Found a transporter.
  9294 | D:8      | Noticed a cyclops
  9333 | D:8      | Reached XP level 10. HP: 89/91 MP: 10/10
  9339 | D:8      | Noticed a two-headed ogre
  9347 | D:8      | Noticed eyols's ghost (novice DEAE)
  9364 | D:8      | Killed a two-headed ogre
  9853 | D:8      | Found a transporter.
  9886 | D:8      | Noticed an orange demon
  9887 | D:8      | Reached skill level 10 in Fighting
  9887 | D:8      | Reached skill level 12 in Axes
  9887 | D:8      | Reached skill level 10 in Armour
  9887 | D:8      | Reached skill level 10 in Shields
  9887 | D:8      | Reached XP level 11. HP: 101/101 MP: 11/11
  9889 | D:8      | Noticed Amaemon
  9923 | D:8      | Killed Amaemon
  9924 | D:8      | Reached skill level 13 in Axes
 10630 | D:8      | Noticed a death yak
 11308 | D:9      | Noticed a two-headed ogre
 11322 | D:9      | Killed a two-headed ogre
 11807 | D:9      | Reached XP level 12. HP: 110/112 MP: 12/12
 12376 | D:8      | Killed a death yak
 13074 | D:10     | Entered Level 10 of the Dungeon
 13310 | D:10     | Noticed Sonja
 13325 | D:10     | Killed Sonja
 13326 | D:10     | Reached skill level 14 in Axes
 14044 | D:10     | Found a staircase to the Orcish Mines.
 14244 | D:10     | Noticed a two-headed ogre
 14250 | D:10     | Gained mutation: Your body sometimes deteriorates upon
                  | taking damage. [potion of mutation]
 14250 | D:10     | Gained mutation: You expend magic power (3 MP) to
                  | strengthen your wands. [potion of mutation]
 14250 | D:10     | Gained mutation: You are agile. (Dex +4, Str/Int -1)
                  | [potion of mutation]
 14257 | D:10     | Killed a two-headed ogre
 14956 | D:10     | Found a staircase to the Lair.
 15061 | D:10     | Paralysed by a hornet for 2 turns
 15403 | Lair:1   | Entered Level 1 of the Lair of Beasts
 15437 | Lair:1   | Lost mutation: Your body sometimes deteriorates upon taking
                  | damage. [potion of mutation]
 15437 | Lair:1   | Lost mutation: You expend magic power (3 MP) to strengthen
                  | your wands. [potion of mutation]
 15437 | Lair:1   | Lost mutation: You are agile. (Dex +4, Str/Int -1) [potion
                  | of mutation]
 15437 | Lair:1   | Gained mutation: You are somewhat resistant to further
                  | mutation. [potion of mutation]
 15637 | Lair:1   | Noticed a seven-headed hydra
 15650 | Lair:1   | HP: 5/113 [16-headed hydra (4)]
 15650 | Lair:1   | Slain by a 16-headed hydra

Illustrated notes

Levels and vault maps discovered:
D:1:      spicycebolla_green_bress_n_ham_2, layout_basic,
          minmay_misc_feat_doors, minmay_surrounded
D:2:      minmay_wonky_spiral, layout_basic
D:3:      layout_basic, minmay_misc_feat_room
D:4:      layout_cave_pools, minmay_temple_entry_tees, kennysheep_minor_cross,
          uniq_sigmund
D:5:      layout_layer_cave, minivault_1, chequers_serial_rivers_micro_e,
          grunt_decor_fettered, minivault_26
D:6:      layout_rooms, ebering_ghost_rock_garden, uniq_edmund
D:7:      layout_loops_ring, gammafunk_temple_overflow_pools,
          uniq_crazy_yiuf_cottage, uniq_menkaure
D:8:      argonaut_augean_stables, layout_basic, nzn_ghost_randoct,
          serial_bayou_pond_e, uniq_amaemon
D:9:      nicolae_cairo_tiling_large_dashed, layout_basic, enter_bailey_2
D:10:     cheibrodos_orc_bank, layout_basic, lair_entry_dummy,
          hiddenorc2_lemuel, grunt_decor_clamped, skrybe_limestone_x, uniq_sonja
Temple:   mainiacjoe_temple_cubbyholes
Lair:1:   layout_regular_city, gammafunk_ghost_necromancy,
          eino_small_chamber_without_monster, infiniplex_staircase_pool_2

Skill      XL: |  1  2  3  4  5  6  7  8  9 10 11 12 |
---------------+-------------------------------------+-----
Axes           | 3 4 5 6 7 9 12 13 14 | 14.6
Fighting       | 4 5 6 7 9 10 11 12 | 12.8
Armour         | 4 5 6 8 10 11 | 11.7
Shields        | 4 5 6 8 10 11 | 11.8

Action                   |  1- 3 |  4- 6 |  7- 9 | 10-12 || total
-------------------------+-------+-------+-------+-------++-------
Melee: War axe           |   102 |   104 |   235 |   422 ||   863
Throw: Javelin           |       |       |    25 |     7 ||    32
       Throwing net      |       |       |     1 |       ||     1
Invok: Potion Petition   |       |       |       |     3 ||     3
Evoke: Wand              |       |       |       |     7 ||     7
  Use: Potion            |       |     1 |    10 |    15 ||    26
       Scroll            |       |    14 |     6 |     8 ||    28
 Stab: Invisible         |       |       |       |     4 ||     4
       Distracted        |       |       |       |     1 ||     1
Armor: Scale mail        |    41 |    75 |   142 |    89 ||   347
       Skin              |       |       |     8 |    11 ||    19
       Plate armour      |       |       |       |   104 ||   104
Dodge: Dodged            |    58 |    53 |    97 |   148 ||   356
Block: Buckler           |    18 |    26 |    70 |   132 ||   246

Table legend: (Time is in decaauts)
 A = Elapsed time spent in this place.
 B = Non-inter-level travel time spent in this place.
 C = Inter-level travel time spent in this place.
 D = Time resting spent in this place.
 E = Time spent auto-exploring this place.
 F = Levels seen in this place.
 G = Mean time per level.
                   A        B        C        D        E       F      G
               +--------+--------+--------+--------+--------+-----+--------+
         Total |  15687 |  15209 |    478 |   4766 |   8358 |  12 | 1307.2 |
       Dungeon |  15306 |  14876 |    430 |   4766 |   8107 |  10 | 1530.6 |
        Temple |    142 |     94 |     48 |      0 |     79 |   1 |  142.0 |
          Lair |    238 |    238 |      0 |      0 |    172 |   1 |  238.0 |
               +--------+--------+--------+--------+--------+-----+--------+

Top non-repeatable levels by time:
     D:8: 2435 daAuts
    D:10: 2275 daAuts
     D:3: 1674 daAuts
     D:7: 1666 daAuts
     D:5: 1498 daAuts
     D:9: 1450 daAuts
     D:6: 1362 daAuts
     D:1: 1176 daAuts
     D:4: 917 daAuts
     D:2: 850 daAuts
  Lair:1: 238 daAuts
  Temple: 142 daAuts
